 Dungeon Crawl Stone Soup version 0.27.1-33-g824d729ab1 (webtiles) character file.

Game seed: 1026051695913457352

59384 Yajnam the Fencer (level 14, -2/125 HPs)
             Began as a Minotaur Berserker on Nov 5, 2021.
             Was the Champion of Trog.
             Splashed by a goliath frog's acid (9 damage)
             ... on level 1 of the Swamp on Dec 17, 2021.
             The game lasted 01:53:53 (20491 turns).

Yajnam the Fencer (Minotaur Berserker)             Turns: 20491, Time: 01:53:55

Health: -2/125     AC: 37    Str: 31    XL:     14   Next: 53%
Magic:  13/13      EV: 10    Int:  2    God:    Trog [******]
Gold:   1114       SH: 11    Dex: 13    Spells: 13/13 levels left

rFire    . . .     SeeInvis .   y - +11 falchion of Gluttony {drain, Will+ Dex+3}
rCold    . . .     Faith    +   N - +0 kite shield
rNeg     . . .     Spirit   .   s - +12 chain mail of Koryofip {rElec}
rPois    .         Reflect  .   (helmet restricted)
rElec    +         Harm     .   m - scarf {repulsion}
rCorr    .         Rampage  .   g - +1 pair of gloves
Will     ++...                  r - +2 pair of boots
Stlth    ..........             a - amulet of faith
HPRegen  0.30/turn              C - +4 ring of protection
MPRegen  0.13/turn              d - ring of False Pretenses {AC+4 Str+4 Int-2 Slay+2}

@: on berserk cooldown, slowed, studying Bows, repel missiles, very slow
A: horns 2, retaliatory headbutt
a: Renounce Religion, Berserk, Trog's Hand, Brothers in Arms


You were on level 1 of the Swamp.
You worshipped Trog.
Trog was exalted by your worship.
You visited 4 branches of the dungeon, and saw 20 of its levels.
You also visited: Gauntlet.

You collected 1378 gold pieces.
You spent 264 gold pieces at shops.

Inventory:

Hand Weapons
 y - the +11 falchion of Gluttony (weapon) {drain, Will+ Dex+3}
   (You bought it in a shop on level 13 of the Dungeon)

   A truly terrible weapon, it drains the life of any living foe it strikes.
   Dex:       It affects your dexterity (+3).
   Will:      It increases your willpower.
 K - a +3 great sword of flaming
Missiles
 c - 3 silver boomerangs (quivered)
 i - a throwing net
 l - 6 boomerangs of dispersal
 w - 7 javelins
Armour
 g - a +1 pair of gloves (worn)
 m - a scarf of repulsion (worn)
 r - a +2 pair of boots (worn)
 s - the +12 chain mail of Koryofip (worn) {rElec}
   (You found it on level 14 of the Dungeon)

   rElec:     It insulates you from electricity.
 t - the +4 ring mail "Ogeamal" {Fly Will+ Slay+2}
   (You found it on level 1 of the Lair of Beasts)

   Slay:      It affects your accuracy & damage with ranged weapons and melee
   (+2).
   Fly:       It grants you flight.
   Will:      It increases your willpower.
 N - a +0 kite shield (worn)
Jewellery
 a - an amulet of faith (around neck)
 d - the ring of False Pretenses (right hand) {AC+4 Str+4 Int-2 Slay+2}
   (You acquired it on level 4 of the Dungeon)

   [ring of protection]

   AC:        It affects your AC (+4).
   Str:       It affects your strength (+4).
   Int:       It affects your intelligence (-2).
   Slay:      It affects your accuracy & damage with ranged weapons and melee
   (+2).
 C - a +4 ring of protection (left hand)
 P - a +4 ring of protection
Wands
 u - a wand of digging (15)
 v - a wand of mindburst (38)
 x - a wand of iceblast (6)
 B - a wand of acid (9)
 D - a wand of charming (8)
 E - a wand of flame (52)
 H - a wand of paralysis (22)
Scrolls
 j - a scroll of summoning
 p - 4 scrolls of fear
 A - 5 scrolls of teleportation
 G - a scroll of enchant armour
 I - a scroll of holy word
 L - 2 scrolls of identify
 M - a scroll of fog
 O - 2 scrolls of blinking
Potions
 b - a potion of might
 f - a potion of heal wounds
 h - a potion of berserk rage {unknown}
 k - 6 potions of curing
 n - a potion of lignification
 o - 2 potions of flight
 z - 3 potions of attraction {unknown}
 J - 2 potions of invisibility {unknown}
 Q - a potion of mutation
Miscellaneous
 q - a condenser vane
 F - a phial of floods
 R - a tin of tremorstones (2/2)


   Skills:
 + Level 11.8 Fighting
 + Level 16.5 Long Blades
 + Level 2.3 Crossbows
 - Level 13.8 Throwing
 + Level 10.8 Armour
 + Level 7.5 Dodging
 + Level 3.6 Stealth
 + Level 6.5 Shields
 - Level 2.0 Evocations


You had 13 spell levels left.
You didn't know any spells.
Your spell library was empty.

Dungeon Overview and Level Annotations

Branches:
Dungeon (15/15)            Temple (1/1) D:7            Lair (3/6) D:9
  Swamp (1/4) Lair:2          Orc (0/2) D:10         Vaults (0/5) D:14
 Depths (0/5) D:15        Gauntlet (visited)
  Snake: Lair:2-4    Spider: Lair:2-4

Altars:
Ashenzari
Cheibriados
Dithmenos
Elyvilon
Fedhas
Gozag
Hepliaklqana
Kikubaaqudgha
Makhleb
Nemelex Xobeh
Okawaru
Qazlal
Ru
Sif Muna
Trog
Uskayaw
Vehumet
Wu Jian
Xom
Yredelemnul
Zin
The Shining One

Shops:
D:3 (   D:6 (   D:7 (   D:11 =   D:12 [   D:13 (

Annotations:
D:9 exclusion: orange crystal statue
D:15 2 transporters, Purphixowk's ghost, journeyman DsGl
Lair:1 exclusion: 2 oklob plants


Innate Abilities, Weirdness & Mutations

You have a pair of horns on your head.
You reflexively headbutt those who attack you in melee.


Message History

The tyrant leech draws strength from your injuries!
As you read the scroll of teleportation, it crumbles to dust.
You feel strangely unstable.
The alligator bites you but does no damage.
The alligator tail-slaps you.
* * * LOW HITPOINT WARNING * * *
The goliath frog hits you but does no damage.
You block the alligator's attack. x2
The alligator bites you but does no damage.
The alligator tail-slaps you but does no damage.
The alligator bites you but does no damage.
The alligator tail-slaps you but does no damage.
The goliath frog hits you but does no damage.
You block the tyrant leech's attack.
You enter the shallow water.
Moving in this stuff is going to be slow.
You block the alligator's attack.
The alligator tail-slaps you but does no damage.
The alligator bites you!
* * * LOW HITPOINT WARNING * * *
You block the alligator's attack. The alligator barely misses you.
You furiously retaliate!
You headbutt the alligator!
The alligator barely misses you. x2; You furiously retaliate!
You headbutt the alligator!
You riposte.
Your unstable footing causes you to fumble your attack.
You block the alligator's attack. You block the goliath frog's attack.
The alligator bites you but does no damage.
The alligator tail-slaps you but does no damage.
Unknown command.
Your surroundings suddenly seem different.
Found 7 stones.
Found an escape hatch in the floor.
You see here 20 gold pieces.
You enter the shallow water.
Moving in this stuff is going to be slow.
The goliath frog hits you but does no damage.
You block the alligator's attack. The alligator closely misses you.
The goliath frog hits you from afar.
* * * LOW HITPOINT WARNING * * *
You are splashed with acid!
You die...

♣♣♣♣.†≈.≈≈≈≈.≈..≈≈.≈..≈..
♣..≈.♣≈≈♣§§≈≈≈.♣≈≈≈≈≈.≈≈.
♣≈≈≈†<†..♣≈≈.≈..≈≈≈≈♣.≈≈.
♣≈≈.≈§≈≈.≈≈≈≈≈≈.≈≈....♣♣.
......≈≈≈.≈≈..≈♣♣....≈..$.
≈≈≈≈≈≈....≈...≈≈≈...$.≈..♣
≈≈♣≈...≈≈.♣...≈♣§F$≈..≈≈♣♣
≈≈§≈≈≈.≈≈..≈≈§.tw?≈≈.≈.♣♣
≈≈..≈..≈≈§≈.♣♣♣t@≈(...♣♣
≈≈.≈≈≈.≈.≈.≈≈♣≈..≈>.♣♣♣ .
♣..≈≈.♣♣♣♣ ♣♣♣♣.♣♣ ♣♣♣


You could see 2 alligators, a tyrant leech and a goliath frog.

Vanquished Creatures
  Kirke (D:13)
  An eleionoma (Swamp:1)
  A vault guard (D:14)
  5 hydras
  A boulder beetle (D:15)
  An ogre mage (D:15)
  5 centaur warriors
  3 ice dragons
  A death knight (D:12)
  6 two-headed ogres
  An alligator (Swamp:1)
  2 tengu warriors (D:15)
  A bog body (Swamp:1)
  A necromancer (D:14)
  3 wizards (D:14)
  An orc knight (D:15)
  2 deep elf pyromancers
  A manticore (D:13)
  6 ugly things
  5 cyclopes
  Maurice (D:9)
  Joseph (D:9)
  2 black mambas
  7 cane toads
  2 gargoyles
  3 komodo dragons
  2 kobold demonologists
  An efreet (D:8)
  A rime drake (Lair:3)
  A polar bear (Lair:3)
  A bloated husk (Swamp:1)
  3 trolls
  12 blink frogs
  12 slime creatures
  39 yaks
  5 wraiths
  A basilisk (Lair:1)
  19 humans (D:14)
  9 vampire mosquitoes
  3 hogs (D:13)
  2 swamp worms (Swamp:1)
  3 acid dragons
  An ice beast (D:5)
  12 water moccasins
  3 black bears (D:9)
  A sky beast (D:7)
  10 orc warriors
  A necrophage (D:5)
  5 boggarts (D:15)
  2 ogres (D:15)
  3 wolves (Lair:2)
  9 centaurs
  A phantom (D:4)
  19 kobold brigands
  A gnoll sergeant (D:12)
  10 bullfrogs
  2 scorpions
  A water moccasin zombie (D:5)
  6 killer bees (D:10)
  An electric eel (Lair:3)
  4 wights (D:7)
  A howler monkey (D:8)
  4 centaur zombies
  A bullfrog skeleton (D:5)
  4 hounds
  13 orc priests
  Crazy Yiuf (D:5)
  A gnoll shaman (D:6)
  5 iguanas
  A centaur skeleton (D:4)
  A scorpion zombie (D:5)
  9 orc wizards
  A hound skeleton (D:5)
  2 howler monkey zombies
  2 howler monkey skeletons
  6 gnolls
  8 adders
  A shadow imp (D:8)
  2 ufetubi
  2 adder skeletons (D:4)
  6 dart slugs
  46 orcs
  4 bats
  9 endoplasms
  2 giant cockroaches
  10 goblins
  11 hobgoblins
  A jackal (D:5)
  11 kobolds
  5 quokkas
  11 ball pythons
  3 frilled lizards (D:1)
  7 rats
461 creatures vanquished.

Vanquished Creatures (others)
  A bloated husk (Swamp:1)
  3 demonic plants (Gauntlet)
  46 fungi
  71 plants
121 creatures vanquished.

Grand Total: 582 creatures vanquished

Notes
Turn   | Place    | Note
-------+----------+-------------------------------------------
     0 | D:1      | Yajnam the Minotaur Berserker began the quest for the Orb.
     0 | D:1      | Reached XP level 1. HP: 19/19 MP: 0/0
   208 | D:1      | Reached XP level 2. HP: 27/27 MP: 1/1
   409 | D:1      | Reached skill level 4 in Long Blades
   652 | D:1      | Found a faded altar of an unknown god.
   663 | D:1      | Reached XP level 3. HP: 34/34 MP: 2/2
   935 | D:1      | Reached ** piety under Trog
  1357 | D:2      | Reached XP level 4. HP: 41/41 MP: 3/3
  1431 | D:3      | Reached skill level 1 in Throwing
  1653 | D:3      | Found Facis's Antique Weapon Boutique.
  1779 | D:3      | Found a hide-covered altar of Uskayaw.
  1783 | D:3      | Found an iron altar of Okawaru.
  1906 | D:3      | Reached skill level 5 in Fighting
  1906 | D:3      | Reached XP level 5. HP: 16/48 MP: 4/4
  2719 | D:4      | Identified a scroll of acquirement
  2719 | D:4      | Acquired the ring of False Pretenses {AC+4 Str+4 Int-2
                  | Slay+2}
  3033 | D:4      | Reached skill level 5 in Long Blades
  3033 | D:4      | Reached XP level 6. HP: 45/56 MP: 5/5
  3045 | D:4      | Reached *** piety under Trog
  3317 | D:4      | Reached skill level 1 in Stealth
  3578 | D:4      | Found a shadowy altar of Dithmenos.
  3604 | D:4      | Reached XP level 7. HP: 28/61 MP: 6/6
  3733 | D:4      | Reached skill level 5 in Armour
  3950 | D:5      | Entered Level 5 of the Dungeon
  3976 | D:5      | Found a sacrificial altar of Ru.
  3978 | D:5      | Found a basalt altar of Yredelemnul.
  3979 | D:5      | Found an opulent altar of Gozag.
  4080 | D:5      | Found a snail-covered altar of Cheibriados.
  4107 | D:5      | Reached skill level 6 in Long Blades
  4453 | D:5      | Found a blossoming altar of Fedhas.
  4537 | D:5      | Noticed a gargoyle
  4544 | D:5      | Reached XP level 8. HP: 69/70 MP: 7/7
  4546 | D:5      | Killed a gargoyle
  4547 | D:5      | Reached skill level 7 in Long Blades
  4643 | D:5      | Found a bloodstained altar of Trog.
  4772 | D:5      | Found a runed translucent door.
  4773 | D:5      | Noticed Crazy Yiuf
  4904 | D:5      | Killed Crazy Yiuf
  5182 | D:6      | Reached skill level 8 in Long Blades
  5189 | D:6      | Reached skill level 1 in Crossbows
  5192 | D:6      | Found Uvost's Weapon Emporium.
  5658 | D:6      | Acquired a +4 vorpal triple sword
  5783 | D:7      | Found Lubaef's Antique Weapon Emporium.
  5846 | D:7      | Reached **** piety under Trog
  5887 | D:7      | Reached skill level 9 in Long Blades
  5887 | D:7      | Reached XP level 9. HP: 79/79 MP: 8/8
  6179 | D:7      | Found a staircase to the Ecumenical Temple.
  6196 | Temple   | Entered the Ecumenical Temple
  6425 | D:7      | Found a white marble altar of Elyvilon.
  6808 | D:8      | Noticed an efreet
  6818 | D:8      | Killed an efreet
  6819 | D:8      | Reached skill level 5 in Throwing
  6998 | D:8      | Reached skill level 10 in Long Blades
  7407 | D:9      | Noticed Joseph
  7416 | D:9      | Killed Joseph
  7597 | D:9      | Noticed an orange crystal statue
  7597 | D:9      | Noticed a kobold demonologist
  7599 | D:9      | Noticed Maurice
  7608 | D:9      | Killed Maurice
  7611 | D:9      | Killed a kobold demonologist
  7612 | D:9      | Reached XP level 10. HP: 77/88 MP: 9/9
  7669 | D:9      | Reached skill level 11 in Long Blades
  7697 | D:9      | Found a broken altar of Ashenzari.
  7862 | D:9      | Reached ***** piety under Trog
  8198 | D:9      | Found a staircase to the Lair.
  8422 | D:9      | Reached skill level 12 in Long Blades
  8963 | D:10     | Entered Level 10 of the Dungeon
  8969 | D:10     | Reached skill level 5 in Dodging
  9082 | D:10     | Found a staircase to the Orcish Mines.
  9097 | D:10     | Noticed a two-headed ogre
  9104 | D:10     | Killed a two-headed ogre
  9105 | D:10     | Reached XP level 11. HP: 88/95 MP: 10/10
  9116 | D:10     | Found a hazy altar of Hepliaklqana.
  9239 | D:10     | Found a glowing silver altar of Zin.
 10281 | D:10     | Reached skill level 13 in Long Blades
 10706 | D:11     | Found an iron altar of Okawaru.
 10953 | D:11     | Identified the +0 scale mail "Bompok" {SInv}
 11081 | D:11     | Found Ruto Xoff's Jewellery Emporium.
 11091 | D:11     | Identified the +0 robe of the Arcane {Int+2}
 11456 | D:11     | Received a gift from Trog
 11772 | D:12     | Noticed an eight-headed hydra
 11778 | D:12     | Killed a nine-headed hydra
 11792 | D:12     | Found Unypasyo's Armour Shop.
 11941 | D:12     | Noticed a white ugly thing
 11946 | D:12     | Killed a white ugly thing
 12146 | D:12     | Noticed an ice dragon
 12157 | D:12     | Killed an ice dragon
 12158 | D:12     | Reached skill level 10 in Throwing
 12303 | D:12     | Noticed a death knight
 12329 | D:12     | Killed a death knight
 12330 | D:12     | Reached skill level 14 in Long Blades
 12717 | D:13     | Reached XP level 12. HP: 105/105 MP: 11/11
 12772 | D:13     | Noticed an eight-headed hydra
 12783 | D:13     | Killed a ten-headed hydra
 12787 | D:13     | Noticed a two-headed ogre
 12817 | D:13     | Killed a two-headed ogre
 12860 | D:13     | Noticed a centaur warrior
 12866 | D:13     | Killed a centaur warrior
 12902 | D:13     | Noticed a five-headed hydra
 12912 | D:13     | Killed a six-headed hydra
 12964 | D:13     | Noticed Kirke
 12980 | D:13     | Killed Kirke
 12981 | D:13     | Reached skill level 10 in Fighting
 12981 | D:13     | Reached skill level 15 in Long Blades
 13001 | D:13     | Noticed a centaur warrior
 13012 | D:13     | Killed a centaur warrior
 13169 | D:13     | Found Higg's Antique Weapon Boutique.
 13169 | D:13     | Noticed a two-headed ogre
 13179 | D:13     | Killed a two-headed ogre
 13221 | D:13     | Reached ****** piety under Trog
 13252 | D:13     | Bought a translucent falchion for 264 gold pieces
 13252 | D:13     | Identified the +11 falchion of Gluttony {drain, Will+
                  | Dex+3} (You bought it in a shop on level 13 of the Dungeon)
 13283 | D:13     | Received a gift from Trog
 13451 | D:13     | Found a bloodstained altar of Trog.
 13518 | D:14     | Identified the +12 chain mail of Koryofip {rElec}
 13767 | D:14     | Noticed a centaur warrior
 13781 | D:14     | Killed a centaur warrior
 13957 | D:14     | Noticed a centaur warrior
 13966 | D:14     | Killed a centaur warrior
 13967 | D:14     | Reached XP level 13. HP: 102/114 MP: 12/12
 14431 | D:14     | Found a gate to the Vaults.
 14466 | D:14     | Reached skill level 16 in Long Blades
 14693 | D:15     | Entered Level 15 of the Dungeon
 14698 | D:15     | Identified the -2 buckler of Cheibriados's Envy {-Cast
                  | Will++ Str+3}
 14721 | D:15     | Found a transporter.
 14731 | D:15     | Found a transporter.
 14737 | D:15     | Noticed Purphixowk's ghost (journeyman DsGl)
 14997 | D:15     | Received a gift from Trog
 15281 | D:15     | Found a stormy altar of Qazlal.
 15322 | D:15     | Reached skill level 1 in Shields
 15714 | D:15     | Found a staircase to the Depths.
 15911 | D:15     | Noticed a fire dragon
 16184 | D:13     | Upgraded the game from 0.27.1-4-g1640c2035a to
                  | 0.27.1-33-g824d729ab1
 16809 | Lair:1   | Entered Level 1 of the Lair of Beasts
 16949 | Lair:1   | Reached skill level 1 in Evocations
 16949 | Lair:1   | Reached XP level 14. HP: 124/124 MP: 13/13
 17347 | Lair:1   | Identified the +4 ring mail "Ogeamal" {Fly Will+ Slay+2}
 17828 | Lair:2   | Found a staircase to the Swamp.
 17947 | Lair:2   | Received a gift from Trog
 18232 | Lair:2   | Reached skill level 5 in Shields
 18641 | Lair:2   | Reached skill level 10 in Armour
 19264 | Lair:3   | Found a gate leading to a gauntlet.
 19273 | Gauntlet | Entered a Gauntlet
 19273 | Gauntlet | Found a transporter.
 19273 | Gauntlet | Found a transporter.
 19273 | Gauntlet | Found a transporter.
 19326 | Gauntlet | Found a transporter.
 19329 | Gauntlet | Found a transporter.
 19329 | Gauntlet | Found a transporter.
 19348 | Gauntlet | Found a transporter.
 19351 | Gauntlet | Noticed a cacodemon
 19362 | Gauntlet | Found a transporter.
 19389 | Gauntlet | Found a transporter.
 19461 | Gauntlet | Found a transporter.
 19465 | Gauntlet | Found a transporter.
 19475 | Gauntlet | Found a transporter.
 19479 | Gauntlet | Found the +2 Maxwell's thermic engine {flame, freeze}
 20375 | Swamp:1  | Entered Level 1 of the Swamp
 20487 | Swamp:1  | HP: 6/125 [alligator (17)]
 20491 | Swamp:1  | Splashed by a goliath frog's acid

Illustrated notes

Levels and vault maps discovered:
D:1:      denvon_arrival_waterhouse, layout_basic,
          shapermc_ecumenical_altar_starsandcircs
D:2:      layout_basic, minmay_misc_feat_x
D:3:      layout_basic, grunt_temple_overflow_open, serial_shops,
          nicolae_lakefront_shop
D:4:      minmay_recursive_quarters, layout_gridville,
          mainiacjoe_overflow_catwalk
D:5:      layout_loops_ring, mainiacjoe_overflow_surrounded_room,
          gammafunk_temple_overflow_forgotten, mainiacjoe_overflow_alcove_2,
          mainiacjoe_overflow_boulevard, minmay_manual_mandibuliform,
          uniq_crazy_yiuf_cottage
D:6:      layout_loops_ring, serial_shops, nicolae_shop_trees
D:7:      layout_gridville, nicolae_overflow_crystal_walls,
          minmay_temple_entry_wispy, serial_shops, nicolae_shop_waterfront,
          grunt_decor_junction, chequers_serial_rivers_small_3
D:8:      layout_basic
D:9:      layout_loops_cross, mainiacjoe_overflow_24_doors,
          due_lair_maze_entry_diamond, minmay_statue_bubble, uniq_maurice,
          uniq_joseph
D:10:     layout_loops_cross, mainiacjoe_overflow_small_starburst,
          nicolae_hepliaklqana_hippocampus, orc_0_dummy, special_room
          [special_room_kobold], nrook_loot_triangle
D:11:     layout_loops_ring, serial_shops, shop, serial_co_window_serial,
          co_window_corner_a, co_window_paths_a, co_window_paths_b,
          co_window_paths_b, co_window_corner_a, co_window_2corner,
          co_window_broadway_a, co_window_corner_b, co_window_2corner,
          co_window_cross_3, co_window_corner_b, glass_columns_b,
          glass_columns_a, okawaru_metal_pillars_1_2
D:12:     layout_basic, serial_co_window_serial, co_window_of_opportunity_a,
          co_window_paths_a, co_window_paths_a, co_window_of_opportunity_a,
          co_window_of_opportunity_a, co_window_unsneaky_path_b,
          co_window_2corner, co_window_corner_b, co_window_4corner_a,
          co_window_paths_d, glass_columns_a, serial_shops, shop_fountains,
          kennysheep_generic_room_13
D:13:     layout_roguey [special_room_orc], serial_shops, shop,
          trog_hazing_becter, uniq_kirke
D:14:     layout_irregular_city, grunt_vaults_entry_tiered, patterned_corridor
D:15:     grunt_enter_depths_hoard, layout_loops_ring, minmay_misc_feat_room,
          gammafunk_ghost_berserking_beasts, nicolae_qazlal_scattered_showers
Temple:   kb_temple_of_zot
Lair:1:   layout_long_grid, grunt_megastairs_2, minmay_lair_oklob_chamber,
          serial_bayou_shore_b
Lair:2:   layout_small_grid, swamp_mist, beast_lair_carwin_2
Lair:3:   layout_regular_city, gauntlet_entry_generic, minivault_27,
          nicolae_quartered_pool_medium
Swamp:1:  layout_falls_marsh, nicolae_swamp_godswood

Skill      XL: |  1  2  3  4  5  6  7  8  9 10 11 12 13 14 |
---------------+-------------------------------------------+-----
Fighting       | 4 5 7 8 9 10 11 | 11.8
Long Blades    | 4 5 6 9 10 12 14 15 16 | 16.5
Throwing       | 2 3 4 7 8 10 12 13 | 13.8
Armour         | 3 4 5 6 7 9 10 | 10.8
Stealth        | 1 2 3 |  3.6
Dodging        | 3 4 5 6 7 |  7.5
Crossbows      | 2 |  2.3
Shields        | 3 6 |  6.5
Evocations     | 1 2 |  2.0

Action                   |  1- 3 |  4- 6 |  7- 9 | 10-12 | 13-15 || total
-------------------------+-------+-------+-------+-------+-------++-------
Melee: Falchion          |    54 |    37 |       |    18 |   344 ||   453
       Headbutt          |     4 |    13 |    27 |    48 |   103 ||   195
       Triple sword      |       |    21 |   103 |   195 |       ||   319
 Fire: Arbalest          |       |       |    11 |       |       ||    11
Throw: Boomerang         |    42 |    53 |    67 |   258 |   214 ||   634
Invok: Trog's Hand       |       |     1 |       |       |       ||     1
       Berserk           |       |       |       |       |     3 ||     3
Evoke: Wand              |       |       |       |     1 |       ||     1
  Use: Scroll            |       |    13 |     4 |     9 |     1 ||    27
       Potion            |       |       |     1 |     2 |     1 ||     4
Armor: Animal skin       |     2 |       |       |       |       ||     2
       Leather armour    |     8 |     1 |       |       |       ||     9
       Ring mail         |       |    36 |    52 |    80 |       ||   168
       Scale mail        |       |       |       |    13 |       ||    13
       Troll leather arm |       |       |       |    39 |       ||    39
       Chain mail        |       |       |       |    15 |   274 ||   289
Dodge: Dodged            |    28 |    52 |    99 |   149 |   165 ||   493
Block: Kite shield       |       |       |       |       |   143 ||   143
       Rpst.: Falchion   |     7 |     6 |       |       |    42 ||    55
       Triple sword      |       |     7 |    21 |    23 |       ||    51
